 Dungeon Crawl Stone Soup version 0.26.1 (webtiles) character file.

Game seed: 13967938979785331322

4047 hawla the Destroyer (level 10, -5/67 (69) HPs)
             Began as a Black Draconian Conjurer on Feb 4, 2021.
             Was a Believer of Ashenzari.
             Slain by a wolf (11 damage)
             ... led by Grum
             ... on level 9 of the Dungeon on Feb 5, 2021.
             The game lasted 00:31:07 (11627 turns).

hawla the Destroyer (Black Draconian Conjurer)     Turns: 11627, Time: 00:31:09

HP:   -5/67 (69)    AC: 13    Str: 16    XL:     10   Next: 4%
MP:   18/22         EV: 12    Int: 22    God:    Ashenzari [**....]
Gold: 440           SH:  0    Dex:  9    Spells: 18/25 levels left

rFire    . . .     SeeInvis .   h - staff of death
rCold    + . .     Faith    .   (no shield)
rNeg     + . .     Spirit   .   (armour unavailable)
rPois    .         Reflect  .   (helmet restricted)
rElec    +         Harm     .   z - +0 cloak
rCorr    .         Rampage  .   d - +0 pair of gloves
Will     .....                  n - +2 pair of boots of Decaying Freedom {Str+6} (curse)
Stlth    ++........             (no amulet)
HPRegen  0.21/turn              f - ring of protection from cold
MPRegen  0.18/turn              (no ring)

@: berserk cooldown, slowed, lightly drained, very slow
A: breathe lightning, unfitting armour, big wings, shaggy fur 1, electricity
resistance, cold-blooded, AC +7
a: Breathe Lightning, Fly, Renounce Religion, Curse Item, Scrying


You were on level 9 of the Dungeon.
You worshipped Ashenzari.
Ashenzari was pleased with you.
You visited 2 branches of the dungeon, and saw 10 of its levels.

You collected 440 gold pieces.

Inventory:

Missiles
 l - 20 poisoned darts (quivered)
Armour
 d - a +0 pair of gloves (worn)
 n - the cursed +2 pair of boots of Decaying Freedom (worn) {Str+6}
   (You found it on level 5 of the Dungeon)

   It affects your strength (+6).
   It has a curse placed upon it.
 z - a +0 cloak (worn)
Magical Staves
 h - an uncursed staff of death (weapon)
Jewellery
 f - a ring of protection from cold (left hand)
 g - an uncursed ring of fire
 w - an uncursed ring of ice
Wands
 a - a wand of random effects (35)
 m - a wand of digging (2)
 o - a wand of disintegration (14)
 p - a wand of acid (1)
Scrolls
 c - 4 scrolls of teleportation
 i - a scroll of magic mapping
 j - 5 scrolls of remove curse
Potions
 e - 2 potions of brilliance
 q - a potion of haste
 r - a potion of might
 t - 3 potions of berserk rage
 u - a potion of resistance
 A - a potion of cancellation


   Skills:
 + Level 1.0 Staves
 - Level 1.7 Dodging
 - Level 1.7 Stealth
 - Level 3.0 Shields
 + Level 8.3 Spellcasting
 - Level 9.0 Conjurations
 - Level 2.0 Translocations
 + Level 8.5 Air Magic
 - Level 1.0 Evocations


You had 18 spell levels left.
You knew the following spells:

 Your Spells              Type           Power        Failure   Level
a - Magic Dart            Conj           100%         1%          1
b - Searing Ray           Conj           96%          1%          2
c - Iskenderun's Mystic   Conj/Tloc      33%          8%          4

Your spell library contained the following spells:

 Spells                   Type           Power        Failure   Level
 Poisonous Vapours        Pois/Air       54%          1%          2
 Mephitic Cloud           Conj/Pois/Air  34%          1%          3
 Dazzling Flash           Conj/Hex       58%          3%          3
 Sting                    Tmut/Pois      36%          7%          1
 Fulminant Prism          Conj/Hex       14%          11%         4
 Ignite Poison            Fire/Tmut/Pois 9%           22%         3
 Olgreb's Toxic Radiance  Pois           9%           56%         4


Dungeon Overview and Level Annotations

Branches:
Dungeon (9/15)             Temple (1/1) D:4            Lair (0/6) D:9
    Orc: D:9-12

Altars:
Ashenzari
Cheibriados
Dithmenos
Elyvilon
Fedhas
Gozag
Hepliaklqana
Kikubaaqudgha
Makhleb
Nemelex Xobeh
Okawaru
Qazlal
Ru
Sif Muna
Trog
Uskayaw
Vehumet
Wu Jian
Xom
Yredelemnul
Zin
The Shining One

Shops:
D:6 }

Annotations:
D:9 Erolcha, Grum


Innate Abilities, Weirdness & Mutations

You can breathe wild blasts of lightning.
Your glossy black scales are hard. (AC +7)
You cannot fit into any form of body armour.
You are resistant to electric shocks. (rElec)
You are cold-blooded and may be slowed by cold attacks.
Your large and strong wings let you fly indefinitely.
You are covered in fur. (AC +1)


Message History

Aim: a wolf (28% to evade)
The searing ray hits the wolf.
The wolf is moderately wounded. (Press . to maintain the ray.)
The wolf closely misses you.
The searing ray hits the wolf!
The wolf is almost dead.
The wolf bites you!
* * * LOW HITPOINT WARNING * * *
The wolf bites you.
* * * LOW HITPOINT WARNING * * *
Casting: Searing Ray (safe; 1% risk of failure)
Confirm with . or Enter, or press ? or * to list all spells.
Aiming: Searing Ray (safe; 1% risk of failure)
Press: ? - help, Shift-Dir - straight line, f/p - wolf
Aim: a wolf (almost dead, 28% to evade)
The searing ray misses the wolf. (Press . to maintain the ray.)
The wolf misses you. The wolf bites you!
You die...

....≈h≈≈...^##
≈≈≈≈.≈≈≈≈....#
,
≈≈;≈≈h;≈h≈..?#
≈≈≈≈≈≈≈≈≈≈...#
≈≈≈≈≈≈≈..≈...#
≈ ≈≈.......# ,
≈≈≈≈≈.......#
.....#####..#
.......@hh.##
* ############


You could see 2 wolves.

Vanquished Creatures
  Menkaure (D:6)
  3 sky beasts
  2 orc warriors (D:7)
  3 ice beasts
  5 ogres
  3 phantoms
  4 centaurs
  2 big kobolds (D:7)
  Blork the orc (D:6)
  5 bullfrogs
  A gnoll sergeant (D:8)
  A scorpion (D:8)
  6 killer bees (D:8)
  3 wights (D:9)
  2 howler monkeys
  A centaur zombie (D:9)
  A centaur skeleton (D:7)
  5 orc priests
  2 hounds
  A jelly (D:5)
  A bullfrog skeleton (D:5)
  An iguana (D:8)
  13 orc wizards
  4 worker ants
  A hound skeleton (D:4)
  5 gnolls (D:8)
  7 adders
  A shadow imp (D:5)
  2 ufetubi
  3 oozes
  An adder zombie (D:6)
  4 worms
  3 dart slugs
  2 leopard geckos
  38 orcs
  4 bats
  9 giant cockroaches
  9 goblins
  4 hobgoblins
  10 jackals
  A quokka (D:3)
  2 ball pythons (D:1)
  3 frilled lizards
  A jackal skeleton (D:5)
  24 kobolds
  2 leopard gecko zombies
  A quokka skeleton (D:4)
  A quokka zombie (D:3)
  9 rats
218 creatures vanquished.

Vanquished Creatures (collateral kills)
  A kobold (D:7)
1 creature vanquished.

Vanquished Creatures (others)
  A human (D:4)
1 creature vanquished.

Grand Total: 220 creatures vanquished

Notes
Turn   | Place    | Note
-------+----------+-------------------------------------------
     0 | D:1      | hawla the Draconian Conjurer began the quest for the Orb.
     0 | D:1      | Reached XP level 1. HP: 14/14 MP: 3/3
   347 | D:1      | Reached XP level 2. HP: 20/20 MP: 3/5
   997 | D:1      | Reached XP level 3. HP: 26/26 MP: 4/6
  1147 | D:2      | Found a glowing silver altar of Zin.
  1153 | D:2      | Learned a level 2 spell: Searing Ray
  1194 | D:2      | Found a broken altar of Ashenzari.
  1232 | D:2      | Became a worshipper of Ashenzari the Shackled
  1434 | D:2      | Reached skill level 5 in Conjurations
  1773 | D:2      | Reached XP level 4. HP: 33/33 MP: 6/8
  1778 | D:2      | Learned a level 4 spell: Iskenderun's Mystic Blast
  1808 | D:2      | Found a white marble altar of Elyvilon.
  2111 | D:2      | Found a blossoming altar of Fedhas.
  2416 | D:3      | Reached skill level 1 in Translocations
  2852 | D:3      | Reached XP level 5. HP: 38/38 MP: 0/9
  3270 | D:3      | Gained mutation: You are covered in fur. (AC +1) [potion of
                  | mutation]
  3270 | D:3      | Gained mutation: Your large and strong wings let you fly
                  | indefinitely. [potion of mutation]
  3548 | D:4      | Reached skill level 6 in Conjurations
  3577 | D:4      | Reached XP level 6. HP: 42/45 MP: 3/11
  3738 | D:4      | Found a staircase to the Ecumenical Temple.
  3937 | D:4      | Found an ancient bone altar of Kikubaaqudgha.
  3938 | D:4      | Noticed a human
  3941 | D:4      | Killed a human
  4296 | Temple   | Entered the Ecumenical Temple
  4678 | D:5      | Entered Level 5 of the Dungeon
  5381 | D:5      | Reached skill level 7 in Conjurations
  5381 | D:5      | Your scales start taking on a glossy black colour.
  5381 | D:5      | Reached XP level 7. HP: 41/50 MP: 6/13
  5381 | D:5      | Gained mutation: You are resistant to electric shocks.
                  | (rElec) [Black Draconian growth]
  5668 | D:5      | Reached * piety under Ashenzari
  5956 | D:5      | Found a basalt altar of Yredelemnul.
  6139 | D:5      | Got the uncursed pair of boots of Decaying Freedom {Str+6}
  6150 | D:5      | Identified the +2 pair of boots of Decaying Freedom {Str+6}
                  | (You found it on level 5 of the Dungeon)
  6191 | D:6      | Reached skill level 8 in Conjurations
  6236 | D:6      | Reached skill level 5 in Spellcasting
  6295 | D:6      | Reached skill level 1 in Air Magic
  6295 | D:6      | Reached XP level 8. HP: 57/57 MP: 4/15
  6420 | D:6      | Noticed Menkaure
  6423 | D:6      | Killed Menkaure
  6424 | D:6      | Reached skill level 1 in Shields
  6460 | D:6      | Found Ohitouwass's Gadget Emporium.
  6956 | D:6      | Found an ornate altar of the Wu Jian Council.
  7017 | D:6      | Found a shimmering altar of Xom.
  7027 | D:6      | Found a shadowy altar of Dithmenos.
  7450 | D:6      | Noticed Blork the orc
  7456 | D:6      | Killed Blork the orc
  7925 | D:7      | Reached skill level 9 in Conjurations
  8302 | D:7      | Reached ** piety under Ashenzari
  8430 | D:7      | Reached XP level 9. HP: 23/62 MP: 5/18
  8436 | D:7      | Reached skill level 5 in Air Magic
 10568 | D:8      | Found a stormy altar of Qazlal.
 10568 | D:8      | Found a bloodstained altar of Trog.
 10891 | D:8      | Found a shimmering altar of Xom.
 11496 | D:9      | Reached XP level 10. HP: 55/66 MP: 15/22
 11584 | D:9      | Noticed Erolcha
 11591 | D:9      | Reached skill level 1 in Staves
 11591 | D:9      | Reached skill level 1 in Evocations
 11614 | D:9      | Noticed Grum
 11615 | D:9      | Found a staircase to the Lair.
 11616 | D:9      | HP: 3/67 [electric eel/bolt of electricity (5)]
 11617 | D:9      | HP: 1/67 [wolf (6)]
 11627 | D:9      | Slain by a wolf

Illustrated notes

Levels and vault maps discovered:
D:1:      dpeg_arrival_tiny_a, layout_loops_cross
D:2:      layout_rooms, ashenzari_altar_1, zin_academy, fedhas_ov_isle_minmay,
          elyvilon_altar_5
D:3:      layout_rooms
D:4:      layout_basic, temple_pool_b, nrook_uturn, tgw_kikubaaqudgha
D:5:      layout_cave_pools, kennysheep_mini
D:6:      layout_basic, minitemple, serial_shops, nicolae_shop_behind_doors,
          minmay_bent, uniq_blork_the_orc, uniq_menkaure
D:7:      layout_cave_pods
D:8:      layout_basic, grunt_temple_overflow_open, minmay_tree_intersection,
          tgw_xom
D:9:      layout_rooms, erik_lair_island, orc_0_dummy, serial_shops,
          nicolae_shop_behind_doors, uniq_grum, uniq_erolcha
Temple:   minmay_temple_bridge_abc

Skill      XL: |  1  2  3  4  5  6  7  8  9 10 |
---------------+-------------------------------+-----
Conjurations   | 5 6 7 8 9 |  9.0
Spellcasting   | 3 4 5 6 8 |  8.3
Translocations | 1 2 |  2.0
Air Magic      | 1 4 8 |  8.5
Shields        | 3 |  3.0
Staves         | 1 |  1.0
Evocations     | 1 |  1.0
Dodging        | |  1.7
Stealth        | |  1.7

Action                   |  1- 3 |  4- 6 |  7- 9 | 10-12 || total
-------------------------+-------+-------+-------+-------++-------
Melee: Unarmed           |     9 |    35 |     7 |       ||    51
       Tailslap          |     1 |     6 |     5 |     1 ||    13
       Dire flail        |       |       |    28 |       ||    28
       Staff             |       |       |       |    17 ||    17
 Cast: Magic Dart        |    64 |    82 |    77 |     3 ||   226
       Searing Ray       |     6 |    37 |    68 |     5 ||   116
       Iskenderun's Myst |       |     3 |    15 |     3 ||    21
Invok: Curse Item        |       |       |     1 |       ||     1
 Abil: Fly               |       |     1 |       |       ||     1
       Stop Flying       |       |     1 |       |       ||     1
Evoke: Wand              |       |       |     1 |       ||     1
  Use: Scroll            |       |    13 |     9 |     2 ||    24
       Potion            |       |     5 |     1 |     6 ||    12
Armor: Skin              |     9 |    21 |    80 |     8 ||   118
Dodge: Dodged            |    20 |    46 |    81 |    18 ||   165
